 Dungeon Crawl Stone Soup version 0.24-a0-463-g3510def (webtiles) character file.

Game seed: 9127338826580716544

43916 robertstho the Earth Mage (level 13, -1/108 HPs)
             Began as a Deep Dwarf Earth Elementalist on July 2, 2019.
             Was the Champion of Makhleb.
             Slain by a five-headed hydra (12 damage)
             ... on level 6 of the Lair of Beasts.
             The game lasted 01:09:28 (17481 turns).

robertstho the Earth Mage (DDEE)                   Turns: 17481, Time: 01:09:29

Health: -1/108     AC:  9    Str: 14    XL:     13   Next: 93%
Magic:  32/32 (14) EV: 15    Int: 19    God:    Makhleb [******]
Gold:   770        SH:  0    Dex: 13    Spells: 16/31 levels left

rFire    . . .     SeeInvis +   K - +2 whip (venom)
rCold    . . .     Gourm    .   (no shield)
rNeg     . . .     Faith    .   T - +0 troll leather armour
rPois    .         Spirit   .   c - +2 hat {SInv}
rElec    .         Reflect  .   s - +1 cloak
rCorr    .         Harm     .   j - +0 pair of gloves
MR       +....                  (no boots)
Stlth    ++........             U - amulet of magic regeneration
HPRegen  0.00/turn              l - ring of magical power
MPRegen  0.48/turn              X - ring of magical power

@: non-regenerating
A: damage resistance, heal wounds, sense surroundings 2, no regeneration
a: Heal Wounds, Minor Destruction, Lesser Servant of Makhleb, Major Destruction,
Greater Servant of Makhleb, Renounce Religion


You were on level 6 of the Lair of Beasts.
You worshipped Makhleb.
Makhleb was exalted by your worship.
You were not hungry.

You visited 3 branches of the dungeon, and saw 19 of its levels.

You collected 1020 gold pieces.
You spent 250 gold pieces at shops.

Inventory:

Hand Weapons
 y - a +3 scimitar of flaming
 K - a +2 whip of venom (weapon)
 Y - a +2 longbow of flaming
Missiles
 a - 42 poisoned darts
 b - 186 stones (quivered)
 Z - 32 arrows
Armour
 c - a +2 hat of see invisible (worn)
 j - a +0 pair of gloves (worn)
 s - a +1 cloak (worn)
 Q - a +2 robe of cold resistance
 T - a +0 troll leather armour (worn)
Magical Staves
 t - an uncursed staff of air
Jewellery
 l - a ring of magical power (left hand)
 u - a +3 ring of protection
 z - an uncursed amulet of the gourmand
 J - an uncursed ring of fire {unknown}
 O - a +3 ring of protection
 U - an amulet of magic regeneration (around neck)
 X - a ring of magical power (right hand)
Wands
 i - a wand of acid (16)
 x - a wand of clouds (6)
 F - a wand of scattershot (5)
 G - a wand of disintegration (7)
 H - a wand of random effects (18)
 L - a wand of iceblast (8)
 R - a wand of flame (13)
 W - a wand of polymorph (15)
Scrolls
 e - 4 scrolls of fog
 f - 3 scrolls of random uselessness {unknown}
 g - a scroll of identify
 h - 4 scrolls of amnesia {unknown}
 m - 2 scrolls of magic mapping
 n - a scroll of vulnerability
 p - 5 scrolls of remove curse
 q - a scroll of enchant armour
 w - 2 scrolls of immolation
 E - a scroll of teleportation
 M - 2 scrolls of enchant weapon
 P - a scroll of fear
Potions
 o - 3 potions of might
 r - 4 potions of resistance
 v - a potion of flight
 A - a potion of lignification
 B - 3 potions of degeneration
 C - 2 potions of berserk rage
 D - a potion of mutation
 I - a potion of brilliance
 S - a potion of ambrosia
 V - a potion of haste {unknown}
Miscellaneous
 N - a crystal ball of energy
Comestibles
 d - 14 rations


   Skills:
 + Level 4.8 Fighting
   Level 3.0 Short Blades
 + Level 6.7 Maces & Flails
 + Level 3.4 Armour
 + Level 7.2 Dodging
 - Level 3.3 Stealth
 + Level 9.9 Spellcasting
 + Level 1.0 Conjurations
 + Level 1.0 Transmutations
 * Level 19.0 Earth Magic
 * Level 11.8 Invocations


You had 16 spell levels left.
You knew the following spells:

 Your Spells              Type           Power        Failure   Level  Hunger
a - Sandblast             Erth           ######       0%          1    None
b - Passwall              Tmut/Erth      #####...     1%          2    None
c - Stone Arrow           Conj/Erth      #####.       1%          3    None
d - Lee's Rapid Deconstr  Erth           ######....   1%          5    #####..
e - Petrify               Tmut/Erth      #####...     1%          4    ###....

Your spell library contained the following spells:

 Spells                   Type           Power        Failure   Level  Hunger
 Beastly Appendage        Tmut           ##....       6%          1    None
 Sticks to Snakes         Tmut           ##......     9%          2    None
 Summon Small Mammal      Summ           #...         10%         1    None
 Call Imp                 Summ           #.......     14%         2    None
 Spider Form              Tmut/Pois      ##........   22%         3    None
 Call Canine Familiar     Summ           #.......     28%         3    None
 Summon Guardian Golem    Hex/Summ       #.......     28%         3    None
 Ice Form                 Ice/Tmut       ##......     58%         4    ###....
 Summon Ice Beast         Ice/Summ       #.......     67%         4    ###....
 Summon Lightning Spire   Summ/Air       #.......     67%         4    ###....
 Blade Hands              Tmut           ##........   86%         5    #####..
 Silence                  Hex/Air        #.........   95%         5    #####..
 Conjure Ball Lightning   Conj/Air       ##........   100%        6    ######.
 Deflect Missiles         Chrm/Air       #.........   100%        6    ######.
 Tornado                  Air            #.........   100%        9    #######


Dungeon Overview and Level Annotations

Branches:
Dungeon (12/15)            Temple (1/1) D:5            Lair (6/6) D:8
  Swamp (0/4) Lair:3       Spider (0/4) Lair:2        Slime (0/5) Lair:5
    Orc (0/2) D:12

Altars:
Ashenzari
Cheibriados
Dithmenos
Elyvilon
Fedhas
Gozag
Kikubaaqudgha
Makhleb
Nemelex Xobeh
Okawaru
Qazlal
Ru
Sif Muna
Trog
Uskayaw
Vehumet
Wu Jian
Xom
Yredelemnul
Zin
The Shining One

Shops:
D:4 }:}=   D:6 ?}!=   D:12 =

Annotations:
D:4 424 ring


Innate Abilities, Weirdness & Mutations

You are resistant to damage.
You can heal yourself by infusing magical energy.
You passively map the area around you.
You do not regenerate.


Message History

The five-headed hydra misses you. x2
The five-headed hydra bites you but does no damage.
The five-headed hydra bites you!
The five-headed hydra bites you but does no damage.
The tyrant leech bites you!!
The tyrant leech draws strength from your injuries!
The tyrant leech bites you!
The tyrant leech draws strength from your injuries!
There is a stone staircase leading up, spattered with blood here.
The tyrant leech bites you!!
* * * LOW HITPOINT WARNING * * *
The tyrant leech draws strength from your injuries!
The five-headed hydra bites you!
* * * LOW HITPOINT WARNING * * *
The five-headed hydra bites you.
* * * LOW HITPOINT WARNING * * *
The five-headed hydra bites you but does no damage.
The five-headed hydra barely misses you.
The five-headed hydra bites you!
You die...

* * ** #* ######## * ###.
##..##..######### ## *
,,P#P..##.#w#P.#.#.##...###. ,
,...........@w...............
D.........Dw................
,,,.............................
* .........................?...
......^.......................
,...............................
..........$......<..(...........
,................................
.................w..............


You could see a five-headed hydra and 3 tyrant leeches.

Vanquished Creatures
  Gastronok (Lair:2)
  Nessos (Lair:6)
  3 hydras
  Erica (Lair:2)
  3 two-headed ogres
  4 death yaks (Lair:4)
  Sonja (Lair:2)
  3 unseen horrors
  A manticore (D:12)
  An ugly thing (D:11)
  2 cyclopes
  8 black mambas
  A centaur zombie (D:11)
  7 elephants
  12 spiny frogs
  A rime drake (Lair:3)
  An efreet (D:12)
  4 komodo dragons
  A wolf spider simulacrum (D:12)
  2 tyrant leeches
  7 dream sheep (Lair:4)
  4 blink frogs (Lair:5)
  7 hippogriffs
  A redback (Lair:2)
  3 shadows
  41 yaks
  A basilisk (Lair:1)
  2 wyverns
  2 hungry ghosts (D:12)
  A swamp worm (Lair:6)
  An acid dragon (D:11)
  14 water moccasins
  3 porcupines
  3 black bears
  3 ice beasts
  An orc warrior (D:11)
  4 sky beasts
  A phantom (D:12)
  2 necrophages
  2 ogres
  15 wolves
  3 centaurs
  10 crocodiles
  A big kobold (D:10)
  11 bullfrogs
  A gnoll sergeant (D:10)
  3 scorpions
  A troll zombie (D:12)
  A water moccasin skeleton (D:10)
  5 killer bees (D:10)
  An oklob sapling (D:5)
  13 wights
  A howler monkey (D:6)
  4 crimson imps
  3 bullfrog zombies
  2 quasits
  2 orc priests
  5 hounds
  5 jellies
  2 bullfrog skeletons
  2 centaur skeletons
  6 iguanas
  5 orc wizards
  13 worker ants
  7 ogre zombies (D:12)
  2 hound skeletons
  A hound zombie (D:6)
  20 adders
  7 gnolls
  A howler monkey skeleton (D:5)
  8 shadow imps
  An ooze (D:1)
  An adder zombie (D:6)
  2 adder skeletons
  5 dart slugs
  7 leopard geckos
  35 orcs
  7 bats
  5 giant cockroaches
  2 goblins
  11 hobgoblins
  4 jackals (D:8)
  2 quokkas
  A ball python (D:2)
  3 frilled lizards
  A goblin skeleton (D:12)
  4 goblin zombies (D:12)
  2 hobgoblin skeletons (D:12)
  3 hobgoblin zombies (D:12)
  8 kobolds
  A leopard gecko skeleton (D:6)
  3 orc skeletons (D:12)
  12 orc zombies (D:12)
  A quokka skeleton (D:6)
  6 rats
  5 fungi
  2 plants
456 creatures vanquished.

Vanquished Creatures (others)
  13 fungi
  9 plants
22 creatures vanquished.

Grand Total: 478 creatures vanquished

Notes
Turn   | Place    | Note
-------+----------+-------------------------------------------
     0 | D:1      | robertstho the Deep Dwarf Earth Elementalist began the
                  | quest for the Orb.
     0 | D:1      | Reached XP level 1. HP: 15/15 MP: 3/3
   569 | D:1      | Reached XP level 2. HP: 10/22 MP: 0/5
  1102 | D:2      | Reached XP level 3. HP: 24/28 MP: 6/6
  1105 | D:2      | Reached skill level 5 in Earth Magic
  1342 | D:2      | Reached skill level 1 in Maces & Flails
  1484 | D:2      | Reached XP level 4. HP: 27/36 MP: 0/6
  2105 | D:3      | Learned a level 2 spell: Passwall
  2109 | D:3      | Learned a level 3 spell: Stone Arrow
  2184 | D:3      | Found a faded altar of an unknown god.
  2276 | D:3      | Reached XP level 5. HP: 16/43 MP: 2/7
  2543 | D:3      | Found a stormy altar of Qazlal.
  2775 | D:4      | Found Lestru's Gadget Boutique.
  2970 | D:4      | Reached skill level 6 in Earth Magic
  3086 | D:4      | Found Pyffued's Gadget Boutique.
  3209 | D:4      | Found Duerog's Book Shop.
  3261 | D:4      | Reached XP level 6. HP: 29/50 MP: 9/9
  3359 | D:4      | Reached skill level 1 in Fighting
  3392 | D:4      | HP: 1/51 [ogre/+0 giant club (10)]
  3487 | D:4      | Found Kiezery's Jewellery Emporium.
  3666 | D:4      | Found an ornate altar of the Wu Jian Council.
  3730 | D:5      | Entered Level 5 of the Dungeon
  3769 | D:5      | Reached XP level 7. HP: 20/57 MP: 7/10
  3796 | D:5      | Reached skill level 7 in Earth Magic
  4028 | D:5      | Reached skill level 8 in Earth Magic
  4309 | D:5      | Found a staircase to the Ecumenical Temple.
  4366 | Temple   | Entered the Ecumenical Temple
  4404 | Temple   | Became a worshipper of Makhleb the Destroyer
  4447 | D:5      | Reached XP level 8. HP: 23/66 MP: 11/11
  4693 | D:6      | Reached skill level 1 in Invocations
  4845 | D:6      | Found Irir's Jewellery Emporium.
  4997 | D:6      | Reached skill level 1 in Conjurations
  5048 | D:6      | Found Deqisu Cycli's Distillery.
  5060 | D:6      | Bought a potion of resistance for 100 gold pieces
  5060 | D:6      | Bought a potion of degeneration for 10 gold pieces
  5060 | D:6      | Bought a potion of heal wounds for 50 gold pieces
  5060 | D:6      | Bought a potion of might for 40 gold pieces
  5060 | D:6      | Bought a potion of berserk rage for 50 gold pieces
  5136 | D:6      | Found Ymeckari's Magic Scroll Boutique.
  5137 | D:6      | Found Rebuveur's Gadget Boutique.
  5144 | D:6      | Noticed a two-headed ogre
  5177 | D:7      | Noticed a hippogriff
  5207 | D:7      | Killed a hippogriff
  5216 | D:7      | Reached * piety under Makhleb
  5225 | D:7      | Reached skill level 9 in Earth Magic
  5227 | D:7      | Reached skill level 5 in Maces & Flails
  5436 | D:6      | Reached skill level 5 in Dodging
  5865 | D:7      | Found a deep blue altar of Sif Muna.
  5904 | D:7      | Reached skill level 1 in Short Blades
  5904 | D:7      | Gained mutation: You passively map the area around you.
                  | [Deep Dwarf growth]
  5904 | D:7      | Reached XP level 9. HP: 40/74 MP: 12/12
  6010 | D:7      | Found a white marble altar of Elyvilon.
  6012 | D:7      | Found a radiant altar of Vehumet.
  6148 | D:8      | Found a staircase to the Lair.
  6186 | D:8      | Reached skill level 10 in Earth Magic
  6191 | D:8      | Reached ** piety under Makhleb
  6380 | D:8      | Reached skill level 5 in Invocations
  6458 | D:8      | Reached skill level 11 in Earth Magic
  6537 | D:8      | Noticed a two-headed ogre
  6540 | D:8      | Killed a two-headed ogre
  6540 | D:8      | Reached skill level 5 in Spellcasting
  6540 | D:8      | Reached XP level 10. HP: 53/81 MP: 14/14
  6626 | D:8      | Noticed a two-headed ogre
  6636 | D:8      | Killed a two-headed ogre
  6852 | D:9      | Found a snail-covered altar of Cheibriados.
  6854 | D:9      | Found a shattered altar of Ashenzari.
  6887 | D:9      | Found a shimmering altar of Xom.
  7184 | D:9      | Reached skill level 12 in Earth Magic
  7282 | D:9      | Noticed a two-headed ogre
  7315 | D:9      | Killed a two-headed ogre
  7595 | D:9      | Reached *** piety under Makhleb
  7720 | D:10     | Entered Level 10 of the Dungeon
  7801 | D:10     | Learned a level 5 spell: Lee's Rapid Deconstruction
  7806 | D:10     | Learned a level 4 spell: Petrify
  8357 | D:10     | Killed an unseen horror
  8357 | D:10     | Reached skill level 13 in Earth Magic
  8881 | D:11     | Reached XP level 11. HP: 65/90 MP: 2/17
  9517 | D:11     | Reached **** piety under Makhleb
  9662 | D:11     | Noticed a seven-headed hydra
 10092 | D:11     | HP: 1/90 [seven-headed hydra (10)]
 10207 | D:11     | Killed a seven-headed hydra
 10207 | D:11     | Reached skill level 14 in Earth Magic
 10431 | D:11     | Noticed a brown ugly thing
 10448 | D:11     | Killed a brown ugly thing
 10716 | D:12     | Killed an unseen horror
 10736 | D:12     | Reached skill level 1 in Armour
 11291 | D:12     | Reached ***** piety under Makhleb
 11589 | D:12     | Found a staircase to the Orcish Mines.
 11720 | D:12     | Noticed an Executioner
 11828 | D:12     | Reached skill level 15 in Earth Magic
 12013 | D:12     | Killed an unseen horror
 12059 | D:12     | Found Migocil's Jewellery Boutique.
 12349 | Lair:1   | Entered Level 1 of the Lair of Beasts
 12473 | Lair:1   | Reached XP level 12. HP: 43/99 MP: 18/18
 13043 | Lair:1   | Reached skill level 16 in Earth Magic
 13205 | Lair:1   | Noticed a seven-headed hydra
 13230 | Lair:1   | Killed a seven-headed hydra
 13415 | Lair:1   | HP: 1/99 [spiny frog (15)]
 13550 | Lair:2   | You fall into a shaft and drop 1 floor!
 13618 | Lair:2   | Reached skill level 10 in Invocations
 13819 | Lair:2   | Found a hole to the Spider Nest.
 14102 | Lair:2   | Noticed Sonja
 14139 | Lair:2   | Noticed Erica
 14182 | Lair:2   | Killed Erica
 14224 | Lair:2   | Noticed Gastronok
 14236 | Lair:2   | Killed Gastronok
 14236 | Lair:2   | Reached skill level 17 in Earth Magic
 14511 | Lair:2   | Killed Sonja
 14704 | Lair:3   | Reached XP level 13. HP: 74/108 MP: 19/19
 15077 | Lair:3   | Found a staircase to the Swamp.
 15499 | Lair:4   | Reached skill level 18 in Earth Magic
 15928 | Lair:4   | You fall into a shaft and drop 2 floors!
 15928 | Lair:6   | Entered Level 6 of the Lair of Beasts
 15951 | Lair:5   | Reached ****** piety under Makhleb
 16137 | Lair:5   | Found a staircase to the Slime Pits.
 16277 | Lair:5   | Reached skill level 1 in Transmutations
 16828 | Lair:6   | Noticed Nessos
 16836 | Lair:6   | Killed Nessos
 17216 | Lair:5   | Reached skill level 19 in Earth Magic
 17481 | Lair:6   | Slain by a five-headed hydra

Levels and vault maps discovered:
D:1:      evilmike_arrival_crescent, layout_basic
D:2:      layout_basic
D:3:      layout_basic, lemuel_round_altar, chequers_ecumenical_altar_island
D:4:      layout_loops_ring, lemuel_coloured_pillars_altar,
          nicolae_overflow_hidden_temple, serial_shops, nicolae_shop_stone,
          shop_coins, kennysheep_mini_moat, nicolae_shop_behind_doors,
          kennysheep_generic_room_4
D:5:      layout_basic, minmay_temple_entry_oklob, first_ration
D:6:      layout_cave_pools, serial_bayou, serial_bayou_lake_a,
          serial_bayou_shore_b, serial_bayou_pond_e, serial_bayou_shore_b,
          serial_shops, shop, nicolae_shop_stone, nicolae_shop_statue_plus, shop
D:7:      layout_basic, overflow_temple_1_default,
          chequers_temple_overflow_statue_of_worship
D:8:      layout_cave_pools, lair_entry_dummy
D:9:      layout_loops_cross, xom_teletrap_fun, grunt_temple_overflow_open,
          serial_co_window_serial, co_window_of_opportunity_a,
          co_window_of_opportunity_a, co_window_corner_a, co_window_paths_a,
          co_window_paths_a, co_window_corner_b, co_window_paths_c,
          co_window_cross_2, co_window_of_opportunity_b, co_window_4corner_a,
          glass_columns_a, glass_columns_b, glass_columns_a, glass_columns_a
D:10:     layout_roguey, serial_glass, glass_columns_a, glass_columns_c,
          blue_anna_alchemist [blue_anna_fruit_fields, blue_anna_fruit_fields],
          chequers_serial_rivers_micro_a
D:11:     layout_roguey, hangedman_corner_corridor
D:12:     layout_basic, zombieorc2_lemuel, serial_shops, shop
Temple:   cyrus_circular_temple
Lair:1:   layout_cave_pods, beast_lair_carwin_9
Lair:2:   layout_long_grid, spider_nest_entry_webs, uniq_prince_ribbit2,
          uniq_erica, uniq_gastronok, uniq_sonja
Lair:3:   layout_chaotic_city, swamp_mist
Lair:4:   layout_long_grid, lemuel_fruit_tree
Lair:5:   layout_roguey, slime_dummy
Lair:6:   hangedman_lair_in_review, layout_regular_city, worms_lemuel,
          uniq_nessos

Skill      XL: |  1  2  3  4  5  6  7  8  9 10 11 12 13 |
---------------+----------------------------------------+-----
Spellcasting   | 2 3 4 5 6 7 8 9 |  9.9
Earth Magic    | 5 6 8 9 11 13 15 17 19 | 19.0
Maces & Flails | 1 2 3 4 5 6 |  6.7
Dodging        | 3 4 5 6 7 |  7.2
Fighting       | 1 2 3 4 |  4.8
Stealth        | 3 |  3.3
Invocations    | 3 5 7 9 10 11 | 11.8
Conjurations   | 1 |  1.0
Short Blades   | 1 2 3 |  3.0
Armour         | 2 3 |  3.4
Transmutations | 1 |  1.0

Action                   |  1- 3 |  4- 6 |  7- 9 | 10-12 | 13-15 || total
-------------------------+-------+-------+-------+-------+-------++-------
Melee: Mace              |   114 |    55 |       |       |       ||   169
       Unarmed           |     3 |       |       |       |       ||     3
       Whip              |       |    70 |   244 |   619 |   167 ||  1100
       Short sword       |       |       |   192 |       |       ||   192
 Cast: Sandblast         |    18 |    21 |   127 |    42 |    15 ||   223
       Stone Arrow       |       |     7 |     5 |       |     3 ||    15
       Lee's Rapid Decon |       |       |       |   187 |    95 ||   282
       Petrify           |       |       |       |     4 |     8 ||    12
Invok: Greater Servant o |       |       |       |     1 |       ||     1
 Abil: Heal Wounds       |     2 |     3 |     8 |    19 |    16 ||    48
Evoke: Wand              |       |       |       |     1 |       ||     1
  Use: Potion            |       |     2 |       |     9 |     2 ||    13
       Scroll            |       |       |     8 |    17 |     4 ||    29
 Stab: Sleeping          |     2 |     2 |     3 |     3 |       ||    10
       Petrified         |       |       |       |       |    26 ||    26
       Petrifying        |       |       |       |       |     1 ||     1
  Eat: Chunk             |     2 |     9 |    11 |    50 |    20 ||    92
       Ration            |       |       |       |     9 |     3 ||    12
Armor: Robe              |    42 |    36 |   159 |    72 |       ||   309
       Troll leather arm |       |       |       |   147 |    62 ||   209
Dodge: Dodged            |   128 |    97 |   327 |   498 |   195 ||  1245

Table legend:
 A = Non-vault XP
 B = Vault XP
 C = Vault XP percentage of total XP
 D = Non-vault monster count
 E = Vault monster count
 F = Vault count percentage of total count
                 A         B        C        D         E       F
            +---------+---------+-------+---------+---------+-------
      Total |   52246 |   10492 |  16.7 |     386 |      63 |  14.0
            +---------+---------+-------+---------+---------+-------
        D:1 |      40 |       0 |   0.0 |      16 |       0 |   0.0
        D:2 |      79 |       0 |   0.0 |      26 |       0 |   0.0
        D:3 |     105 |       0 |   0.0 |      12 |       0 |   0.0
        D:4 |     343 |       0 |   0.0 |      14 |       0 |   0.0
        D:5 |     840 |      60 |   6.7 |      29 |       1 |   3.3
        D:6 |     487 |       0 |   0.0 |      21 |       0 |   0.0
        D:7 |    1434 |       0 |   0.0 |      24 |       0 |   0.0
        D:8 |    3070 |       0 |   0.0 |      29 |       0 |   0.0
        D:9 |    1691 |       0 |   0.0 |      19 |       0 |   0.0
       D:10 |    2144 |      95 |   4.2 |      20 |       1 |   4.8
       D:11 |    3643 |     725 |  16.6 |      26 |       8 |  23.5
       D:12 |    5740 |     764 |  11.7 |      29 |      36 |  55.4
     Lair:1 |    6962 |     528 |   7.0 |      32 |       2 |   5.9
     Lair:2 |    4849 |    4051 |  45.5 |      22 |       4 |  15.4
     Lair:3 |    5369 |       0 |   0.0 |      19 |       0 |   0.0
     Lair:4 |    8837 |       0 |   0.0 |      25 |       0 |   0.0
     Lair:5 |    4030 |    1508 |  27.2 |      11 |       4 |  26.7
     Lair:6 |    2583 |    2761 |  51.7 |      12 |       7 |  36.8
            +---------+---------+-------+---------+---------+-------
